 Dungeon Crawl Stone Soup version 0.22.1-1-ga44c0e5 (webtiles) character file.

212 Folque the Vandal (level 6, -7/43 HPs)
             Began as a Halfling Hunter on Sept 22, 2018.
             Mangled by an ogre
             ... wielding a +0 giant spiked club
              (23 damage)
             ... on level 3 of the Dungeon.
             The game lasted 00:11:55 (1856 turns).

Folque the Vandal (Halfling Hunter)                 Turns: 1856, Time: 00:11:55

Health: -7/43      AC:  4    Str: 13      XL:     6   Next: 13%
Magic:  6/6        EV: 15    Int:  9      God:
Gold:   121        SH:  0    Dex: 14 (17) Spells: 5/5 levels left

rFire    . . .     SeeInvis .   b - +0 short sword
rCold    . . .     Gourm    .   (shield restricted)
rNeg     . . .     Faith    .   c - +0 leather armour
rPois    .         Spirit   .   (no helmet)
rElec    .         Reflect  .   (no cloak)
rCorr    .         Harm     .   h - +0 pair of gloves (curse)
MR       .....                  (no boots)
Stlth    ++........             (no amulet)
HPRegen  0.14/turn              (no ring)
MPRegen  0.10/turn              (no ring)

@: slowed, very slow
A: small, mutation resistance 1
a: no special abilities


You were on level 3 of the Dungeon.
You were not hungry.

You visited 1 branch of the dungeon, and saw 3 of its levels.

You collected 121 gold pieces.

Inventory:

Hand Weapons
 a - a +1 hunting sling
 b - a +0 short sword (weapon)
 q - a +0 dagger of holy wrath
Missiles
 d - 19 sling bullets
 i - 78 stones (quivered)
Armour
 c - a +0 leather armour (worn)
 h - a cursed +0 pair of gloves (worn)
Wands
 r - a wand of paralysis (12)
 v - a wand of random effects (27)
Potions
 u - 2 potions of mutation
Comestibles
 f - 10 rations
 p - 8 chunks of flesh


   Skills:
 * Level 3.9 Fighting
 - Level 6.0 Slings
 + Level 3.0 Dodging
 * Level 4.0 Stealth


You had 5 spell levels left.
You didn't know any spells.
Your spell library was empty.

Dungeon Overview and Level Annotations

Branches:
Dungeon (3/15)

Altars:
Xom


Innate Abilities, Weirdness & Mutations

You are small and have problems with some larger weapons.
You are somewhat resistant to further mutation.


Message History

The magic dart hits you! The orc closely misses you.
It was a potion of curing.
You feel better. The leopard gecko misses you.
The orc wizard completely misses you. The orc barely misses you.
The leopard gecko barely misses you.
The orc wizard hits you with an enchanted dagger.
You closely miss the orc wizard.
The orc wizard is lightly wounded.
The leopard gecko bites you. The orc barely misses you.
The ogre barely misses you. The orc wizard casts a spell at you.
The magic dart hits you! The leopard gecko bites you.
The orc closely misses you.
Aiming: Paralyse
Press: ? - help, Shift-Dir - straight line, f - ogre
Aim: an ogre, wielding a giant spiked club (chance to defeat MR: 46%)
The ogre resists with some effort.
The leopard gecko barely misses you. The orc wizard closely misses you.
The ogre hits you with a giant spiked club!!
Ouch! That really hurt!
You die...

*,,,,............................
***,,..........................>.
,,,,,........................##**
,,,,,........O.........#....)####
***,,(.......###...............#.
,,,,,.....#### ####O..###........
***,,.O..,* #.....)...รท....
*,,.....#########..............
**,...........@o#..............
*,O.........Ool...............
*,(...........)...............
*,..#.........................
*,!,#.................####...#
*,,,#.................# #...#
*,,,#..........#......# #...#
*,,,#..........#......# #####
*,,,*,,,.......*......#******


You could see an ogre, an orc wizard, an orc and a leopard gecko.

Vanquished Creatures
  A bullfrog (D:3)
  A howler monkey (D:3)
  A quasit (D:3)
  An adder (D:2)
  2 worms
  A leopard gecko (D:1)
  2 orcs (D:3)
  A ball python (D:1)
  5 giant cockroaches
  6 goblins
  8 hobgoblins
  8 jackals
  A quokka (D:2)
  4 bats
  5 frilled lizards
  5 kobolds
  4 rats
56 creatures vanquished.

Notes
Turn   | Place    | Note
-------+----------+-------------------------------------------
     0 | D:1      | Folque the Halfling Hunter began the quest for the Orb.
     0 | D:1      | Reached XP level 1. HP: 14/14 MP: 1/1
    78 | D:1      | Reached skill level 6 in Slings
   165 | D:1      | Reached XP level 2. HP: 19/19 MP: 2/2
   794 | D:2      | Reached XP level 3. HP: 25/25 MP: 3/3
   858 | D:2      | Found a shimmering altar of Xom.
  1136 | D:2      | Reached XP level 4. HP: 25/31 MP: 4/4
  1459 | D:3      | Noticed a bullfrog
  1459 | D:3      | Noticed an ogre
  1561 | D:3      | Reached XP level 5. HP: 27/36 MP: 5/5
  1762 | D:3      | Killed a bullfrog
  1762 | D:3      | Reached XP level 6. HP: 15/43 MP: 6/6
  1856 | D:3      | Mangled by an ogre

Skill      XL: |  1  2  3  4  5  6 |
---------------+-------------------+-----
Slings         | 6 |  6.0
Fighting       | 2 3 |  3.9
Stealth        | 2 3 4 |  4.0
Dodging        | 3 |  3.0

Action                   |  1- 3 |  4- 6 || total
-------------------------+-------+-------++-------
Melee: Short sword       |   117 |    87 ||   204
       Dagger            |       |    37 ||    37
 Fire: Hunting sling     |     7 |    21 ||    28
Evoke: Wand              |       |     2 ||     2
  Use: Scroll            |     3 |     8 ||    11
       Potion            |       |     4 ||     4
 Stab: Sleeping          |     2 |       ||     2
       Distracted        |     1 |       ||     1
       Invisible         |       |     1 ||     1
  Eat: Chunk             |     1 |     2 ||     3
Armor: Leather armour    |    34 |    71 ||   105
Dodge: Dodged            |    95 |   202 ||   297
